 Dungeon Crawl Stone Soup version 0.26-a0-1012-gedcf9b2963 (webtiles) character file.

Game seed: 18390331718832027350

141 EiAlmux the Firebug (level 5, -1/41 HPs)
             Began as a Draconian Fire Elementalist on Dec 7, 2020.
             Slain by a white imp (3 damage)
             ... summoned by Natasha
             ... on level 2 of the Dungeon.
             The game lasted 00:06:58 (2690 turns).

EiAlmux the Firebug (Draconian Fire Elementalist)   Turns: 2690, Time: 00:06:59

Health: -1/41      AC:  6    Str: 10    XL:     5   Next: 3%
Magic:  2/9        EV: 12    Int: 16    God:
Gold:   104        SH:  0    Dex: 12    Spells: 4/9 levels left

rFire    . . .     SeeInvis .   b - +0 short sword
rCold    . . .     Faith    .   (no shield)
rNeg     . . .     Spirit   .   (armour unavailable)
rPois    .         Reflect  .   (helmet restricted)
rElec    .         Harm     .   (no cloak)
rCorr    .         Rampage  .   (no gloves)
Will     .....                  h - +0 pair of boots
Stlth    ++........             (no amulet)
HPRegen  0.13/turn              (no ring)
MPRegen  0.11/turn              (no ring)

@: no status effects
A: unfitting armour, cold-blooded, AC +5
a: no special abilities


You were on level 2 of the Dungeon.
You visited 1 branch of the dungeon, and saw 2 of its levels.

You collected 104 gold pieces.

Inventory:

Hand Weapons
 b - a +0 short sword (weapon)
Missiles
 o - 11 stones
Armour
 h - a +0 pair of boots (worn)
Jewellery
 n - a +4 ring of protection {unknown}
Scrolls
 c - 3 scrolls of enchant weapon {unknown}
 d - a scroll of fear {unknown}
 e - 2 scrolls of teleportation {unknown}
 f - a scroll of identify {unknown}
 j - 2 scrolls of immolation {unknown}
 l - a scroll of remove curse {unknown}
 m - a scroll of magic mapping {unknown}
Potions
 a - 2 potions of heal wounds {unknown}
 g - a potion of resistance {unknown}
 i - 2 potions of might {unknown}
 k - a potion of attraction {unknown}
 p - a potion of ambrosia {unknown}


   Skills:
 + Level 2.1 Fighting
 - Level 1.7 Dodging
 - Level 1.7 Stealth
 + Level 2.7 Spellcasting
 + Level 2.2 Conjurations
 * Level 4.3 Fire Magic


You had 4 spell levels left.
You knew the following spells:

 Your Spells              Type           Power        Failure   Level
a - Foxfire               Conj/Fire      ##..         4%          1
b - Sticky Flame          Conj/Fire      ##......     45%         4

Your spell library contained the following spells:

 Spells                   Type           Power        Failure   Level
 Conjure Flame            Conj/Fire      ##......     16%         3
 Inner Flame              Hex/Fire       #.......     24%         3
 Fireball                 Conj/Fire      ##........   80%         5


Dungeon Overview and Level Annotations

Branches:
Dungeon (2/15)

Altars:
Dithmenos
Makhleb

Annotations:
D:2 Natasha


Innate Abilities, Weirdness & Mutations

Your plain brown scales are hard. (AC +5)
You cannot fit into any form of body armour.
You are cold-blooded and may be slowed by cold attacks.


Message History

Confirm with . or Enter, or press ? or * to list all spells.
Nothing appears to happen.
The foxfire hits Natasha.
Natasha is heavily wounded.
The foxfire hits Natasha.
Natasha is severely wounded.
Natasha casts a spell at you. The magic dart hits you!
* * * LOW HITPOINT WARNING * * *
The white imp barely misses you.
You are too injured to fight recklessly!
You hit Natasha.
Natasha is almost dead.
Natasha claws you.
* * * LOW HITPOINT WARNING * * *
The white imp gestures at you. The puff of frost misses you.
Casting: Foxfire (safe; 4% risk of failure)
Confirm with . or Enter, or press ? or * to list all spells.
You conjure some foxfire!
Natasha barely misses you. The white imp hits you.
You die...

#..#....#........[
#..##.#.##........
#..##..........###
#..##...####......
#..##...# #...#.#
#..##...####...#.#
#..#...........#..
#h5#############..
#@v...............
#v################
#.# #.# #########
#.# #........ #.#
#........ #.#
#........ #.#
#.>...... #.#
#........


You could see Natasha and a white imp (summoned).

Vanquished Creatures
  A jelly (D:2)
  Natasha (twice) (D:2)
  An adder (D:2)
  2 dart slugs
  4 bats
  A giant cockroach (D:2)
  8 goblins
  6 hobgoblins
  8 jackals
  3 kobolds
  2 ball pythons
  2 frilled lizards
  5 rats
45 creatures vanquished.

Vanquished Creatures (others)
  119 foxfires
119 creatures vanquished.

Grand Total: 164 creatures vanquished

Notes
Turn   | Place    | Note
-------+----------+-------------------------------------------
     0 | D:1      | EiAlmux the Draconian Fire Elementalist began the quest for
                  | the Orb.
     0 | D:1      | Reached XP level 1. HP: 14/14 MP: 3/3
   410 | D:1      | Reached XP level 2. HP: 22/22 MP: 3/5
   699 | D:1      | Reached skill level 1 in Fighting
  1167 | D:2      | Reached XP level 3. HP: 28/28 MP: 3/6
  1338 | D:2      | Found a shadowy altar of Dithmenos.
  1380 | D:2      | Noticed Natasha
  1387 | D:2      | Killed Natasha
  1479 | D:2      | Reached XP level 4. HP: 35/35 MP: 7/7
  1484 | D:2      | Learned a level 4 spell: Sticky Flame
  1813 | D:2      | Reached skill level 4 in Fire Magic
  1936 | D:2      | Found a burning altar of Makhleb.
  2043 | D:2      | Noticed Natasha
  2053 | D:2      | Killed Natasha
  2342 | D:2      | Reached XP level 5. HP: 12/41 MP: 4/9
  2655 | D:2      | Noticed Natasha
  2689 | D:2      | HP: 2/41 [Natasha (4)]
  2690 | D:2      | Slain by a white imp

Illustrated notes

Levels and vault maps discovered:
D:1:      dpeg_arrival_refuge, layout_basic, kennysheep_decorative_pillar,
          minmay_misc_feat_pillars
D:2:      layout_basic, nicolae_overflow_crystal_walls, bloody_makhleb,
          uniq_natasha

Skill      XL: |  1  2  3  4 |
---------------+-------------+-----
Fighting       | 1 2 |  2.1
Fire Magic     | 4 |  4.3
Conjurations   | 2 |  2.2
Dodging        | |  1.7
Stealth        | |  1.7
Spellcasting   | |  2.7

Action                   |  1- 3 |  4- 6 || total
-------------------------+-------+-------++-------
Melee: Unarmed           |    29 |       ||    29
       Tailslap          |     2 |     1 ||     3
       Short sword       |     3 |    18 ||    21
 Cast: Foxfire           |    40 |    37 ||    77
 Stab: Sleeping          |     1 |       ||     1
Armor: Skin              |    11 |    10 ||    21
Dodge: Dodged            |    29 |    40 ||    69

Table legend: (Time is in decaauts)
 A = Elapsed time spent in this place.
 B = Non-inter-level travel time spent in this place.
 C = Inter-level travel time spent in this place.
 D = Time resting spent in this place.
 E = Time spent auto-exploring this place.
 F = Levels seen in this place.
 G = Mean time per level.
                   A        B        C        D        E       F      G
               +--------+--------+--------+--------+--------+-----+--------+
         Total |   2691 |   2659 |     32 |      0 |   2321 |   2 | 1345.5 |
       Dungeon |   2691 |   2659 |     32 |      0 |   2321 |   2 | 1345.5 |
               +--------+--------+--------+--------+--------+-----+--------+

Top non-repeatable levels by time:
     D:2: 1542 daAuts
     D:1: 1148 daAuts
